 Dungeon Crawl Stone Soup version 0.31-a0-479-g91c9547826 (webtiles) character file.

Game seed: 8048738000878065377

963 Ethylacetat the Trooper (level 8, -13/26 HPs)
             Began as a Vine Stalker Monk on Aug 7, 2023.
             Mangled by an ogre
             ... wielding a +0 giant club
              (19 damage)
             ... on level 5 of the Dungeon.
             The game lasted 00:10:04 (2855 turns).

Ethylacetat the Trooper (Vine Stalker Monk)         Turns: 2855, Time: 00:10:05

Health: -13/26     AC:  9    Str: 21    XL:     8   Next: 15%
Magic:  0/14       EV: 10    Int: 10    God:
Gold:   257        SH:  0    Dex: 17    Spells: 14/14 levels left

rFire   . . .        a - melded +0 hand axe
rCold   . . .        d - melded orb {light}
rNeg    . . .        b - melded +0 robe
rPois   .            (helmet currently unavailable)
rElec   .            (cloak currently unavailable)
rCorr   .            (gloves currently unavailable)
SInv    .            (boots currently unavailable)
Will    ++...        (no amulet)
Stlth   ++           e - ring of flight
HPRegen 1.04/turn    w - ring of willpower
MPRegen 0.14/turn

%: guardian spirit
@: snake-form, flying
A: constrict, reduced hp, large, (fangs 3), regeneration 1, magic shield,
(antimagic bite), no potion heal 2
a: Begin Untransformation


You were on level 5 of the Dungeon.
You were an enormous anaconda.
You visited 1 branch of the dungeon, and saw 5 of its levels.
You also visited: Ossuary.

You collected 257 gold pieces.

Inventory:

Hand Weapons
 a - a +0 hand axe (melded)
 h - a +1 dagger of flaming
 i - a +2 short sword of electrocution
Armour
 b - a +0 robe (melded)
 d - an orb of light (melded)
Jewellery
 e - a ring of flight (left hand)
 w - a ring of willpower (right hand)
Talismans
 k - a serpent talisman (active)
Wands
 c - a wand of polymorph (9)
Scrolls
 g - a scroll of brand weapon {unknown}
 j - a scroll of revelation {unknown}
 l - 2 scrolls of immolation {unknown}
 m - 3 scrolls of fear {unknown}
 n - 3 scrolls of identify
 o - 3 scrolls of amnesia {unknown}
 q - a scroll of teleportation {unknown}
 r - 2 scrolls of poison {unknown}
 s - a scroll of blinking {unknown}
 t - 3 scrolls of fog {unknown}
 v - a scroll of enchant weapon {unknown}
 x - a scroll of acquirement {unknown}
 y - 3 scrolls of vulnerability {unknown}
 A - a scroll of enchant armour {unknown}
Potions
 f - 4 potions of curing
 p - 2 potions of magic {unknown}
 u - a potion of enlightenment
 z - 2 potions of might {unknown}


   Skills:
 + Level 4.8 Fighting
 - Level 4.4 Axes
 - Level 2.4 Dodging
 + Level 1.4 Unarmed Combat
 + Level 3.9 Spellcasting
 * Level 4.1 Shapeshifting


You had 14 spell levels left.
You didn't know any spells.
Your spell library contained the following spells:

 Spells                   Type           Power      Damage    Failure   Level
 Apportation              Tloc           2%         N/A       26%         1
 Necrotise                Necr           4%         1d4       26%         1
 Summon Small Mammal      Summ           4%         N/A       26%         1


Dungeon Overview and Level Annotations

Branches:
Dungeon (5/15)            Ossuary (visited)
 Temple: D:4-7

Altars:
Kikubaaqudgha
Ru
Yredelemnul

Shops:
D:1 :([


Innate Abilities, Weirdness & Mutations

You are an enormous anaconda.
You have a powerful constriction melee attack.
Your maximum health is decreased, since you lack skill for your form.
Your armour is entirely melded.
You are incapable of wielding weapons or throwing items.
((You have razor-sharp teeth.))
Your natural rate of healing is unusually fast.
When hurt, damage is shared between your health and your magic reserves.
((Your bite disrupts and absorbs the magic of your enemies.))
Potions cannot restore your health.


Message History

You lash the adder!
You kill the adder!
You reach down and open the door.
There is an open door here.
A dart slug is nearby!
Found an escape hatch in the ceiling.
The dart slug launches a dart at you. The slug dart misses you.
You lash the dart slug!
You kill the dart slug!
No target in view!
No target in view!
You reach down and open the door.
You reach down and open the door.
There is an open door here.
You now have enough gold to buy a spiked cloak on D:1.
You can access your shopping list by pressing '$'.
You now have 243 gold pieces (gained 18).
You now have 257 gold pieces (gained 14).
There is an open door here.
You reach down and open the door.
There is an open door here.
There is an open door here.
There is an open door here.
An ogre comes into view. It is wielding a +0 giant club.
The ogre shouts!
An ogre is nearby!
The ogre hits you with a +0 giant club!!
Ouch! That really hurt!
* * * LOW HITPOINT WARNING * * *
You are too injured to fight recklessly!
Okay, then.
Okay, then.
Okay, then.
You lash the ogre! You grab the ogre.
The ogre is moderately wounded.
You constrict the ogre.
The ogre hits you with a +0 giant club!!
Ouch! That really hurt!
You die...

#.......#######################
#.......#.............>........
#.......#......................
#.......#......................
#.......#....OS................
##.......#############'#########
#...............................
#...........<...................
#..............................[
##...............................
#...###'####.....##'###+#######'#
...........#.....#...#.......'...
...........#.....#...#.......#...


You could see an ogre.

Vanquished Creatures
  Sigmund (D:2)
  A wraith (Ossuary)
  Menkaure (D:5)
  A black bear (D:5)
  A centaur (D:5)
  A phantom (D:5)
  An orc priest (D:5)
  Jessica (D:2)
  An iguana (D:2)
  2 orc wizards (D:5)
  A mummy (Ossuary)
  2 adders
  3 gnolls (D:5)
  A worm (D:2)
  A dart slug (D:5)
  13 orcs
  4 ball pythons
  4 bats
  7 endoplasms
  3 giant cockroaches
  3 hobgoblins
  11 jackals (D:2)
  2 kobolds
  4 quokkas
  4 frilled lizards
  6 gnoll skeletons (Ossuary)
  5 goblins
  6 kobold skeletons (Ossuary)
  13 orc skeletons (Ossuary)
  14 rats
118 creatures vanquished.

Notes
Turn   | Place    | Note
-------+----------+-------------------------------------------
     0 | D:1      | Ethylacetat the Vine Stalker Monk began the quest for the
                  | Orb.
     0 | D:1      | Reached XP level 1. HP: 11/11 MP: 2/2
     1 | D:1      | Found Tokhazuf's Antique Weapon Shop.
    12 | D:1      | Found Iromah's Antique Armour Shoppe.
    42 | D:1      | Found Jesunu's Book Emporium.
    89 | D:1      | Reached XP level 2. HP: 14/16 MP: 3/3
   182 | D:1      | Reached skill level 1 in Spellcasting
   300 | D:1      | Reached XP level 3. HP: 19/20 MP: 3/5
   920 | D:2      | Noticed Jessica
   925 | D:2      | Killed Jessica
   926 | D:2      | Gained mutation: Your natural rate of healing is unusually
                  | fast. [Vine Stalker growth]
   926 | D:2      | Reached XP level 4. HP: 4/24 MP: 7/7
  1069 | D:2      | Found an ancient bone altar of Kikubaaqudgha.
  1161 | D:2      | Reached skill level 1 in Shapeshifting
  1161 | D:2      | Reached XP level 5. HP: 7/28 MP: 9/9
  1229 | D:2      | Noticed Sigmund
  1242 | D:2      | Killed Sigmund
  1243 | D:2      | Reached XP level 6. HP: 12/33 MP: 6/11
  1568 | D:3      | Found a faded altar of an unknown god.
  1722 | D:3      | Found a basalt altar of Yredelemnul.
  1722 | D:3      | Found a sacrificial altar of Ru.
  1866 | D:4      | You are sucked into a shaft and drop 1 floor!
  1866 | D:5      | Entered Level 5 of the Dungeon
  2116 | D:5      | Noticed Menkaure
  2123 | D:5      | Killed Menkaure
  2124 | D:5      | Reached XP level 7. HP: 16/37 MP: 7/12
  2265 | D:5      | Found a sand-covered staircase.
  2271 | Ossuary  | Entered an ossuary
  2271 | Ossuary  | Noticed a wraith
  2271 | Ossuary  | Noticed a wraith
  2271 | Ossuary  | Noticed a wraith
  2423 | Ossuary  | Noticed a wraith
  2447 | Ossuary  | Killed a wraith
  2448 | Ossuary  | Reached skill level 1 in Unarmed Combat
  2448 | Ossuary  | Gained mutation: You have razor-sharp teeth. [Vine Stalker
                  | growth]
  2448 | Ossuary  | Reached XP level 8. HP: 37/42 MP: 14/14
  2855 | D:5      | Mangled by an ogre

Illustrated notes

Levels and vault maps discovered:
D:1:      dpeg_arrival_ratfight, layout_loops_cross, serial_shops,
          nicolae_shop_peninsula, nicolae_shop_tiny_waterfront,
          nicolae_shop_statue_plus, minivault_19, serial_park_tiny_2,
          minmay_misc_feat_tiny, kennysheep_doodads
D:2:      layout_basic, basic_altar, kennysheep_jessica_study, uniq_sigmund,
          uniq_jessica
D:3:      layout_rooms, gammafunk_temple_overflow_statue,
          shapermc_ecumenical_altar_pompeii
D:4:      layout_rooms, portal_sewer_entry_d, grunt_ministairs_15,
          uniq_eustachio
D:5:      layout_gridville, nicolae_ossuary_entry_plus, uniq_menkaure

Skill      XL: |  1  2  3  4  5  6  7  8 |
---------------+-------------------------+-----
Fighting       | 3 4 |  4.8
Spellcasting   | 1 2 3 |  3.9
Axes           | 3 4 |  4.4
Shapeshifting  | 1 2 3 4 |  4.1
Unarmed Combat | 1 |  1.4
Dodging        | |  2.4

Action                     |  1- 3 |  4- 6 |  7- 9 || total
---------------------------+-------+-------+-------++-------
  Melee: Hand axe          |    58 |       |       ||    58
         Bite              |    18 |       |       ||    18
         Unarmed           |    22 |   101 |    86 ||   209
         Constrict         |     3 |    19 |    23 ||    45
    Use: Potion            |       |     1 |     4 ||     5
         Scroll            |       |       |     3 ||     3
   Stab: Sleeping          |     1 |       |       ||     1
 Armour: Robe              |     8 |       |       ||     8
         Skin              |    13 |    53 |    33 ||    99
  Dodge: Dodged            |    50 |    64 |    54 ||   168
   Form: Anaconda          |     1 |       |       ||     1

Table legend: (Time is in decaauts)
 A = Elapsed time spent in this place.
 B = Non-inter-level travel time spent in this place.
 C = Inter-level travel time spent in this place.
 D = Time resting spent in this place.
 E = Time spent auto-exploring this place.
 F = Levels seen in this place.
 G = Mean time per level.
                   A        B        C        D        E       F      G
               +--------+--------+--------+--------+--------+-----+--------+
         Total |   2854 |   2820 |     34 |      0 |   1881 |   6 |  475.7 |
       Dungeon |   2643 |   2609 |     34 |      0 |   1872 |   5 |  528.6 |
       Ossuary |    211 |    211 |      0 |      0 |      9 |   1 |  211.0 |
               +--------+--------+--------+--------+--------+-----+--------+

Top non-repeatable levels by time:
     D:2: 796 daAuts
     D:5: 769 daAuts
     D:1: 724 daAuts
     D:3: 338 daAuts
 Ossuary: 211 daAuts
     D:4: 14 daAuts
